 Dungeon Crawl Stone Soup version 0.28-a0-1190-g77e1c55843 (webtiles) character file.

Game seed: 6181743553124813503

1724 ChaosChampion the Thaumaturge (level 8, -1/41 HPs)
             Began as a Deep Elf Conjurer on Dec 18, 2021.
             Was a Follower of Vehumet.
             Slain by a water moccasin zombie (5 damage)
             ... on level 6 of the Dungeon.
             The game lasted 00:07:45 (7760 turns).

ChaosChampion the Thaumaturge (Deep Elf Conjurer)   Turns: 7760, Time: 00:07:46

Health: -1/41      AC:  2    Str: 10    XL:     8   Next: 75%
Magic:  8/25       EV: 12    Int: 26    God:    Vehumet [*.....]
Gold:   375        SH:  0    Dex: 13    Spells: 23/30 levels left

rFire   . . .      SeeInvis .   o - staff of cold
rCold   + . .      Faith    .   (no shield)
rNeg    . . .      Spirit   .   g - +0 robe {Will+}
rPois   .          Reflect  .   (no helmet)
rElec   .          Harm     .   (no cloak)
rCorr   .          Rampage  .   (no gloves)
Will    +....                   (no boots)
Stlth   ++........              e - amulet of regeneration
HPRegen 0.93/turn               c - +6 ring of strength
MPRegen 0.19/turn               (no ring)

@: lethally poisoned (-1 -> -2)
A: no striking features
a: Renounce Religion


You were on level 6 of the Dungeon.
You worshipped Vehumet.
Vehumet was aware of your devotion.
You visited 2 branches of the dungeon, and saw 7 of its levels.
You also visited: Sewer.

You collected 375 gold pieces.

Inventory:

Armour
 g - a +0 robe of willpower (worn)
 m - a +0 cloak
Magical Staves
 o - a staff of cold (weapon)
Jewellery
 c - a +6 ring of strength (left hand)
 e - an amulet of regeneration (around neck)
 j - a ring of wizardry
Wands
 k - a wand of mindburst (15)
Scrolls
 a - 8 scrolls of identify {unknown}
 l - a scroll of fear {unknown}
 n - a scroll of amnesia {unknown}
 p - 2 scrolls of fog {unknown}
 q - a scroll of immolation {unknown}
 r - a scroll of teleportation {unknown}
 s - a scroll of blinking {unknown}
Potions
 b - a potion of haste {unknown}
 d - a potion of might {unknown}
 f - 2 potions of degeneration {unknown}
 h - a potion of mutation {unknown}
 i - a potion of flight {unknown}
 t - a potion of lignification {unknown}
 u - a potion of brilliance {unknown}
 v - 2 potions of resistance {unknown}


   Skills:
 - Level 2.4 Dodging
 - Level 2.4 Stealth
 + Level 11.5 Spellcasting
 + Level 8.2 Conjurations
 * Level 3.5 Translocations


You had 23 spell levels left.
You knew the following spells:

 Your Spells              Type           Power      Damage    Failure   Level
a - Magic Dart            Conj           100%       1d8       1%          1
b - Searing Ray           Conj           100%       2d8       1%          2
d - Iskenderun's Mystic   Conj/Tloc      45%        2d10      3%          4

Your spell library contained the following spells:

 Spells                   Type           Power      Damage    Failure   Level
 Foxfire                  Conj/Fire      100%       2x1d9     1%          1
 Dazzling Flash           Conj/Hex       72%        N/A       2%          3
 Beastly Appendage        Tmut           30%        N/A       4%          1
 Wereblood                Tmut           15%        N/A       6%          2
 Fulminant Prism          Conj/Hex       18%        3d11      7%          4
 Spider Form              Tmut/Pois      15%        N/A       12%         3
 Lee's Rapid Deconstruct  Erth           7%         3d8*      73%         5


Dungeon Overview and Level Annotations

Branches:
Dungeon (6/15)             Temple (1/1) D:4           Sewer (visited)

Altars:
Ashenzari
Dithmenos
Gozag
Hepliaklqana
Kikubaaqudgha
Nemelex Xobeh
Okawaru
Ru
Sif Muna
Trog
Uskayaw
Vehumet
Wu Jian
Xom
Yredelemnul
Zin

Shops:
D:2 =   D:3 (


Message History

(Press . to maintain the ray.)
You feel sick.
The water moccasin zombie closely misses you.
The water moccasin zombie bites you.
* * * LOW HITPOINT WARNING * * *
Okay, then.
Casting: Searing Ray (safe; 1% risk of failure)
Confirm with . or Enter, or press ? or * to list all spells.
Restarting spell: Searing Ray (safe; 1% risk of failure)
Press: ? - help, Shift-Dir - straight line, f - water moccasin zombie
Aim: a water moccasin zombie (83% to hit)
The searing ray hits the water moccasin zombie!
The water moccasin zombie is lightly damaged. (Press . to maintain the ray.)
You feel sick.
The water moccasin zombie completely misses you.
The searing ray hits the water moccasin zombie!
The water moccasin zombie is heavily damaged.
You feel sick.
The water moccasin zombie completely misses you.
The searing ray misses the water moccasin zombie.
You feel sick.
The water moccasin zombie closely misses you.
The searing ray hits the water moccasin zombie!
The water moccasin zombie is severely damaged.
You finish channelling your searing ray.
You feel sick. The water moccasin zombie bites you.
* * * LOW HITPOINT WARNING * * *
Casting: Searing Ray (safe; 1% risk of failure)
Confirm with . or Enter, or press ? or * to list all spells.
Aiming: Searing Ray (safe; 1% risk of failure)
Press: ? - help, Shift-Dir - straight line, f/p - water moccasin zombie
Aim: a water moccasin zombie (severely damaged, 83% to hit)
The searing ray hits the water moccasin zombie.
The water moccasin zombie is almost destroyed. (Press . to maintain the ray.)
You feel sick.
The water moccasin zombie bites you but does no damage.
The water moccasin zombie bites you.
You die...

#####(.....>.####.#
##...^.......##
#..........).#
..#....≈≈≈)..#
#.(.≈≈≈)÷..#
#...≈≈.≈≈..#
#...≈≈≈≈≈.÷####
#....≈≈≈..÷<..#
#..@.......##.#
........Z......<....
###.............#####
#..##....######
#..........
#.########.# .. ..#
#> ..


You could see a water moccasin zombie.

Vanquished Creatures
  Sigmund (D:2)
  An ice beast (D:6)
  A sky beast (D:5)
  A black bear (D:4)
  An ogre (D:5)
  A necrophage (D:5)
  A centaur (D:4)
  A phantom (D:5)
  2 bullfrogs (Sewer)
  3 scorpions
  4 wights (D:6)
  A bullfrog zombie (D:5)
  2 hounds (D:5)
  A centaur skeleton (D:5)
  3 orc wizards
  A scorpion zombie (D:4)
  A hound skeleton (D:5)
  3 gnolls (D:4)
  A river rat (D:6)
  12 adders
  An ufetubus (D:5)
  An adder zombie (D:5)
  3 adder skeletons
  4 worms
  2 dart slugs
  14 orcs
  11 ball pythons
  4 bats
  4 endoplasms
  12 giant cockroaches
  8 goblins
  9 hobgoblins
  3 quokkas
  7 frilled lizards
  2 kobolds
  5 rats
132 creatures vanquished.

Vanquished Creatures (others)
  6 toadstools (D:1)
6 creatures vanquished.

Grand Total: 138 creatures vanquished

Notes
Turn   | Place    | Note
-------+----------+-------------------------------------------
     0 | D:1      | ChaosChampion the Deep Elf Conjurer began the quest for the
                  | Orb.
     0 | D:1      | Reached XP level 1. HP: 10/10 MP: 6/6
   288 | D:1      | Reached XP level 2. HP: 15/15 MP: 3/8
   503 | D:1      | Found a faded altar of an unknown god.
   595 | D:1      | Reached skill level 4 in Spellcasting
  1287 | D:2      | Reached XP level 3. HP: 19/19 MP: 8/10
  1426 | D:2      | Noticed Sigmund
  1447 | D:1      | Learned a level 2 spell: Searing Ray
  1681 | D:2      | Killed Sigmund
  1682 | D:2      | Reached skill level 6 in Spellcasting
  1682 | D:2      | Reached skill level 5 in Conjurations
  1682 | D:2      | Reached XP level 4. HP: 24/24 MP: 7/14
  1682 | D:2      | Reached XP level 5. HP: 28/28 MP: 8/16
  2195 | D:2      | Found Kuom's Jewellery Boutique.
  2944 | D:3      | Reached skill level 7 in Spellcasting
  2944 | D:3      | Reached XP level 6. HP: 32/32 MP: 12/18
  3216 | D:3      | Found Gunynoaj's Weapon Shoppe.
  4082 | D:4      | Reached skill level 8 in Spellcasting
  4184 | D:4      | Found a sacrificial altar of Ru.
  4225 | D:4      | Reached XP level 7. HP: 36/36 MP: 14/21
  4670 | D:4      | Reached skill level 9 in Spellcasting
  5059 | D:4      | Found a staircase to the Ecumenical Temple.
  5186 | D:5      | Entered Level 5 of the Dungeon
  5525 | D:5      | Reached skill level 10 in Spellcasting
  5590 | D:5      | Found a shimmering blue altar of Sif Muna.
  5614 | D:5      | Learned a level 4 spell: Iskenderun's Mystic Blast
  5776 | D:5      | Reached XP level 8. HP: 41/41 MP: 22/24
  6144 | D:5      | Found a broken altar of Ashenzari.
  6391 | Temple   | Entered the Ecumenical Temple
  6511 | Temple   | Became a worshipper of Vehumet
  6571 | D:6      | Found a glowing drain.
  6588 | D:6      | Reached skill level 11 in Spellcasting
  6602 | Sewer    | Entered a sewer
  7100 | Sewer    | Reached * piety under Vehumet
  7100 | Sewer    | Offered knowledge of Foxfire by Vehumet.
  7247 | Sewer    | Reached skill level 1 in Translocations
  7760 | D:6      | Slain by a water moccasin zombie

Illustrated notes

Levels and vault maps discovered:
D:1:      lightli_arrival_farm, layout_basic, basic_ecumenical_altar,
          minmay_misc_feat_pillars, minmay_gold_behind_fungi
D:2:      layout_basic, serial_shops, nicolae_shop_trees, uniq_sigmund
D:3:      layout_basic, serial_shops, nicolae_shop_bloodbath_and_beyond
D:4:      layout_cave_pods, nicolae_ru_awakened_eye,
          minmay_temple_entry_from_below_a
D:5:      layout_loops_cross, kennysheep_little_box,
          mainiacjoe_overflow_six_doors_small
D:6:      layout_rooms, lemuel_coloured_pillars_altar, kennysheep_mini,
          mainiacjoe_overflow_24_doors, portal_sewer_entry_a, uniq_blork_the_orc
Temple:   dshaligram_water_room_temple

Skill      XL: |  1  2  3  4  5  6  7  8 |
---------------+-------------------------+-----
Spellcasting   | 4 6 7 8 10 11 | 11.5
Conjurations   | 5 6 7 8 |  8.2
Translocations | 3 |  3.5
Dodging        | |  2.4
Stealth        | |  2.4

Action                   |  1- 3 |  4- 6 |  7- 9 || total
-------------------------+-------+-------+-------++-------
Melee: Staff             |       |       |     1 ||     1
 Cast: Magic Dart        |    54 |    68 |    96 ||   218
       Searing Ray       |     4 |    17 |    42 ||    63
Armor: Robe              |     2 |     3 |     3 ||     8
Dodge: Dodged            |     8 |    10 |    29 ||    47

Table legend: (Time is in decaauts)
 A = Elapsed time spent in this place.
 B = Non-inter-level travel time spent in this place.
 C = Inter-level travel time spent in this place.
 D = Time resting spent in this place.
 E = Time spent auto-exploring this place.
 F = Levels seen in this place.
 G = Mean time per level.
                   A        B        C        D        E       F      G
               +--------+--------+--------+--------+--------+-----+--------+
         Total |   7880 |   7641 |    239 |    861 |   5883 |   8 |  985.0 |
       Dungeon |   6644 |   6405 |    239 |    476 |   5163 |   6 | 1107.3 |
        Temple |    133 |    133 |      0 |      0 |    100 |   1 |  133.0 |
         Sewer |   1102 |   1102 |      0 |    385 |    620 |   1 | 1102.0 |
               +--------+--------+--------+--------+--------+-----+--------+

Top non-repeatable levels by time:
     D:1: 1405 daAuts
     D:2: 1338 daAuts
     D:3: 1317 daAuts
     D:5: 1236 daAuts
     D:4: 1171 daAuts
   Sewer: 1102 daAuts
     D:6: 174 daAuts
  Temple: 133 daAuts
